 Dungeon Crawl Stone Soup version bcrawl-1.19.1 (webtiles) character file.

Game seed: 11184241189189238572

283 Freyura the Twirler (level 6, -20/47 HPs)
             Began as a Demonspawn Gladiator on Nov 23, 2019.
             Demolished by an ogre
             ... wielding a +0 giant club
              (30 damage)
             ... on level 4 of the Dungeon.
             The game lasted 00:06:41 (2687 turns).

Freyura the Twirler (Demonspawn Gladiator)          Turns: 2687, Time: 00:06:41

Health: -20/47     AC:  6    Str: 14    XL:     6   Next: 7%
Magic:  6/6        EV: 12    Int: 10    God:
Gold:   94         SH:  0    Dex: 16    Spells: 5/5 levels left

rFire    . . .     SeeInvis .   a - +0 quarterstaff
rCold    + . .     Gourm    .   (shield currently unavailable)
rNeg     . . .     Faith    .   e - +1 ring mail
rPois    .         Spirit   .   (helmet restricted)
rElec    .         Reflect  .   (no cloak)
rCorr    .         Harm     .   (no gloves)
MR       .....                  (no boots)
Stlth    +.........             (no amulet)
HPRegen  0.15/turn              (no ring)
MPRegen  0.10/turn              (no ring)

@: no status effects
A: antennae 1, cold resistance 1, powered by death 1
a: no special abilities


You were on level 4 of the Dungeon.
You were very hungry.

You visited 1 branch of the dungeon, and saw 4 of its levels.

You collected 94 gold pieces.

Inventory:

Hand Weapons
 a - a +0 quarterstaff (weapon)
Missiles
 d - 3 throwing nets (quivered) {!f}
Armour
 e - a +1 ring mail (worn)
Wands
 j - a wand of flame (20)
Scrolls
 c - a scroll of fog
 i - a scroll of enchant armour
 l - 2 scrolls of teleportation
 n - a scroll of blinking
 r - a scroll of identify
 s - 3 scrolls of magic mapping
Potions
 b - a potion of brilliance
 g - a potion of haste {unknown}
 h - a potion of heal wounds
 k - 2 potions of degeneration {unknown}
 m - a potion of mutation {unknown}
 o - a potion of berserk rage {unknown}
 p - a potion of resistance {unknown}
 q - a potion of curing {unknown}
 t - a potion of lignification {unknown}
Comestibles
 f - 4 rations {!d}


   Skills:
 + Level 3.2 Fighting
 * Level 4.5 Staves
 - Level 1.7 Throwing
 + Level 2.1 Armour
 + Level 3.6 Dodging


You had 5 spell levels left.
You didn't know any spells.
Your spell library was empty.

Dungeon Overview and Level Annotations

Branches:
Dungeon (4/12)
 Temple: D:4-7

Altars:
Gozag
Trog
Uskayaw
Vehumet


Innate Abilities, Weirdness & Mutations

You have a pair of small antennae on your head.
Your flesh is cold resistant. (rC+)
You regenerate a little health from kills.


Message History

You hit the ogre but do no damage.
The ogre is severely wounded.
You hit the ogre but do no damage.
The ogre is severely wounded.
The ogre closely misses you.
You hit the ogre.
The ogre is severely wounded.
The ogre hits you with a +0 giant club.
You completely miss the ogre.
The ogre is severely wounded.
The ogre hits you but does no damage.
You barely miss the ogre.
The ogre is severely wounded.
The ogre hits you with a +0 giant club!!
* * * LOW HITPOINT WARNING * * *
You hit the ogre but do no damage.
The ogre is severely wounded.
The ogre hits you with a +0 giant club!!
Ouch! That really hurt!
You die...

..#E .###
...# ... ..
#. #.####
#.O@.#
####.# #.#
#.# #.# #.#
#.#
##########.#
.......<...#


You could see an ogre.

Vanquished Creatures
  An ogre (D:3)
  A scorpion (D:4)
  Robin (D:3)
  An adder (D:3)
  An ooze (D:2)
  2 adder skeletons (D:4)
  3 dart slugs
  3 leopard geckos
  4 orcs
  A ball python (D:1)
  6 giant cockroaches
  14 goblins
  10 hobgoblins
  12 jackals
  2 quokkas (D:2)
  8 bats
  4 frilled lizards
  13 kobolds
  5 rats
92 creatures vanquished.

Notes
Turn   | Place    | Note
-------+----------+-------------------------------------------
     0 | D:1      | Freyura the Demonspawn Gladiator began the quest for the
                  | Orb.
     0 | D:1      | Reached XP level 1. HP: 16/16 MP: 1/1
   126 | D:1      | Gained mutation: Your flesh is cold resistant. (rC+)
                  | [demonic ancestry]
   126 | D:1      | Reached XP level 2. HP: 21/22 MP: 2/2
   154 | D:1      | Reached skill level 3 in Staves
   309 | D:1      | Gained mutation: You regenerate a little health from kills.
                  | [demonic ancestry]
   309 | D:1      | Reached XP level 3. HP: 16/28 MP: 3/3
   692 | D:2      | Reached skill level 1 in Armour
   873 | D:2      | Found an opulent altar of Gozag.
   963 | D:2      | Gained mutation: You have a pair of small antennae on your
                  | head. [demonic ancestry]
   963 | D:2      | Reached XP level 4. HP: 34/34 MP: 4/4
  1534 | D:3      | Found a hide-covered altar of Uskayaw.
  1640 | D:3      | Found a radiant altar of Vehumet.
  1773 | D:3      | Noticed an ogre
  1781 | D:3      | Killed an ogre
  1781 | D:3      | Reached skill level 4 in Staves
  1781 | D:3      | Reached XP level 5. HP: 15/41 MP: 5/5
  1972 | D:3      | Found a bloodstained altar of Trog.
  2110 | D:3      | Noticed Robin
  2135 | D:3      | Killed Robin
  2395 | D:4      | Reached XP level 6. HP: 14/47 MP: 6/6
  2676 | D:4      | Noticed a fire elemental
  2687 | D:4      | Demolished by an ogre

Skill      XL: |  1  2  3  4  5 |
---------------+----------------+-----
Staves         | 3 4 |  4.5
Dodging        | 3 |  3.6
Armour         | 1 2 |  2.1
Fighting       | 3 |  3.2
Throwing       | |  1.7

Action                   |  1- 3 |  4- 6 || total
-------------------------+-------+-------++-------
Melee: Quarterstaff      |   148 |   144 ||   292
  Use: Scroll            |       |     8 ||     8
       Potion            |       |     1 ||     1
  Eat: Chunk             |       |     5 ||     5
Armor: Ring mail         |    88 |    27 ||   115
Dodge: Dodged            |   144 |    85 ||   229
